 Dungeon Crawl Stone Soup version 0.19.1 (webtiles) character file.

34465 nikopol the Cleaver (level 13, -14/117 HPs)
             Began as a Minotaur Berserker on Dec 11, 2016.
             Was the Champion of Trog.
             Killed by divine providence
             ... invoked by a meliai
              (15 damage)
             ... on level 4 of the Lair of Beasts.
             The game lasted 00:39:39 (16093 turns).

nikopol the Cleaver (Minotaur Berserker)           Turns: 16093, Time: 00:39:40

Health: -14/117    AC: 17    Str: 22    XL:     13   Next: 42%
Magic:  12/12      EV: 18    Int:  4    God:    Trog [******]
Gold:   1137       SH:  3    Dex: 15    Spells: 0 memorised, 12 levels left

rFire  . . .     SeeInvis .     a - +5 broad axe (venom)
rCold  . . .     Gourm    .     o - +0 chain mail
rNeg   . . .     Faith    .     (no shield)
rPois  .         Spirit   .     (helmet restricted)
rElec  .         Reflect  +     U - +1 cloak
rCorr  +         Harm     .     (no gloves)
MR     .....                    I - +1 pair of boots {run}
Stlth  ..........               N - +3 amulet of reflection (curse)
                                S - ring of resist corrosion
                                i - +4 ring of evasion

@: lethally poisoned (-14 -> -14), exhausted, very slightly contaminated, hasted
and slowed, quick
A: retaliatory headbutt, horns 2
a: Berserk, Trog's Hand, Brothers in Arms, Burn Spellbooks, Renounce Religion


You were on level 4 of the Lair of Beasts.
You worshipped Trog.
Trog was exalted by your worship.
You were very hungry.

You visited 2 branches of the dungeon, and saw 14 of its levels.

You collected 1137 gold pieces.

Inventory:

Hand Weapons
 a - a +5 broad axe of venom (weapon)
 z - a +0 shortbow
Missiles
 k - 351 arrows (quivered)
Armour
 o - a +0 chain mail (worn)
 I - a +1 pair of boots of running (worn)
 U - a +1 cloak (worn)
Jewellery
 i - a +4 ring of evasion (left hand)
 B - an uncursed ring of positive energy
 N - a cursed +3 amulet of reflection (around neck)
 S - a ring of resist corrosion (right hand)
Scrolls
 e - 2 scrolls of magic mapping {unknown}
 h - 3 scrolls of random uselessness {unknown}
 l - 4 scrolls of fog {unknown}
 m - 3 scrolls of immolation {unknown}
 p - 3 scrolls of teleportation {unknown}
 q - 3 scrolls of noise {unknown}
 s - 4 scrolls of enchant weapon {unknown}
 v - 4 scrolls of remove curse {unknown}
 w - 2 scrolls of blinking {unknown}
 x - 2 scrolls of identify
 y - 2 scrolls of amnesia {unknown}
 D - 2 scrolls of silence {unknown}
 F - a scroll of fear {unknown}
 G - a scroll of enchant armour {unknown}
 H - a scroll of vulnerability {unknown}
 J - 2 scrolls of recharging {unknown}
 K - a scroll of torment {unknown}
 Q - a scroll of acquirement {unknown}
Potions
 d - 5 potions of curing
 r - a potion of berserk rage
 t - 3 potions of might
 u - a potion of brilliance
 A - 2 potions of resistance
 C - a potion of ambrosia
 E - a potion of lignification {unknown}
 L - a potion of agility
 P - 4 potions of heal wounds
Comestibles
 b - 5 meat rations
 c - 14 bread rations
 f - 13 royal jellies
 g - 2 fruits
 j - 5 chunks of flesh
 n - 3 slices of pizza


   Skills:
 + Level 11.7 Fighting
 * Level 14.4 Axes
 * Level 12.8 Bows
 + Level 11.3 Armour
 + Level 10.0 Dodging


You had 12 spell levels left.
You didn't know any spells.

Dungeon Overview and Level Annotations

Branches:
Dungeon (10/15)            Temple (0/1) D:4            Lair (4/6) D:10
  Swamp (0/4) Lair:4       Spider (0/4) Lair:2          Orc (0/2) D:10

Altars:
Ashenzari
Dithmenos
Hepliaklqana
Sif Muna
The Shining One

Shops:
D:10 }


Innate Abilities, Weirdness & Mutations

You reflexively headbutt those who attack you in melee.
You have a pair of horns on your head.


Message History

The elephant is engulfed in calcifying dust.
The elephant is moving more slowly.
The killer bee stings the plant but does no damage.
You feel sick.
The killer bee is engulfed in calcifying dust.
The killer bee stops moving altogether!
The killer bee is engulfed in calcifying dust.
The killer bee is engulfed in calcifying dust.
The killer bee stings the plant.
The killer bee is engulfed in calcifying dust.
A meliai comes into view. It is wielding a war axe.
The meliai buzzes angrily.
The elephant stops moving altogether!
You feel sick.
The meliai mumbles some strange prayers to its god against you.
Something smites you!
* * * LOW HITPOINT WARNING * * *
The meliai mumbles some strange prayers to its god against you.
Something smites you!
You die...

#.#.#.#..#.#.##..##.......
####..#.#.##.#...##.###......
......#.#.##..##....###......
#....#....##...#....#.....P
#..#..##..##..#.........P
##.##..###.##.....#....#
#..#..##..##..#...##.....
#...#....##....#..........
##.#.#.y.@....#...........
###.#.r#####....##.⌠....#
#.#y#.# ###..........#
#.#.#y# ###........# .#.#Y.#
###....... #.#)#.l## #.......
.#Yy..# ......##. ..#††P.#
.....# ## #.#.P..# ..###


You could see a meliai, a hell rat and a killer bee (wandering).

Vanquished Creatures
  6 hydras
  A catoblepas (D:10)
  Erica (D:8)
  Nergalle (Lair:3)
  2 oklob plants (Lair:4)
  2 manticores (Lair:4)
  6 elephants
  A black mamba (Lair:4)
  2 gargoyles (D:10)
  A torpor snail (Lair:4)
  9 spiny frogs
  The ghost of XO4YCPATb the Cruncher, a novice DsGl (D:4)
  3 rime drakes (Lair:4)
  3 komodo dragons
  A queen bee (Lair:4)
  2 meliai (Lair:4)
  A troll (D:10)
  A polar bear (Lair:4)
  7 jumping spiders (Lair:2)
  7 hippogriffs
  10 blink frogs
  5 dream sheep (Lair:4)
  Sigmund (D:5)
  2 redbacks (Lair:2)
  A wraith (D:10)
  A basilisk (Lair:4)
  17 yaks
  2 hungry ghosts (D:8)
  Edmund (D:5)
  A mottled dragon (D:10)
  11 water moccasins
  3 porcupines
  4 black bears
  2 phantoms
  An orc warrior (D:7)
  An ice beast (D:8)
  3 sky beasts
  6 ogres
  7 wolves (Lair:4)
  6 centaurs
  10 crocodiles
  A big kobold (D:8)
  A wyvern zombie (D:8)
  13 bullfrogs
  24 killer bees (Lair:4)
  A water moccasin skeleton (D:6)
  4 wights (D:8)
  4 howler monkeys
  An electric eel (Lair:2)
  7 crimson imps
  6 hounds
  4 jellies
  Crazy Yiuf (D:3)
  A bullfrog skeleton (D:5)
  4 centaur skeletons
  3 orc priests
  Ijyb (D:3)
  A hell rat (Lair:4)
  2 iguanas
  13 orc wizards
  8 worker ants
  A hound zombie (D:5)
  A hound skeleton (D:9)
  A worker ant zombie (D:8)
  11 gnolls
  A howler monkey skeleton (D:5)
  6 adders
  2 shadow imps
  7 oozes
  An adder zombie (D:6)
  2 adder skeletons
  4 worms
  A dart slug (D:2)
  6 leopard geckos
  37 orcs
  7 bats
  11 giant cockroaches
  15 goblins
  5 hobgoblins
  17 jackals
  6 quokkas
  3 ball pythons
  6 frilled lizards
  A jackal zombie (D:8)
  16 kobolds
  A leopard gecko skeleton (D:7)
  A leopard gecko zombie (D:8)
  10 rats
  4 fungi
  4 plants
441 creatures vanquished.

Vanquished Creatures (others)
  An orc wizard (D:7)
  3 plants (Lair:1)
4 creatures vanquished.

Grand Total: 445 creatures vanquished

Notes
Turn   | Place    | Note
-------+----------+-------------------------------------------
     0 | D:1      | nikopol the Minotaur Berserker began the quest for the Orb.
     0 | D:1      | Reached XP level 1. HP: 19/19 MP: 0/0
     1 | D:1      | Found a runed door.
   347 | D:1      | Reached XP level 2. HP: 22/27 MP: 1/1
   896 | D:1      | Reached ** piety under Trog
   898 | D:1      | Reached skill level 4 in Axes
   909 | D:1      | Reached XP level 3. HP: 33/33 MP: 2/2
  1097 | D:2      | Found a faded altar of an unknown god.
  1097 | D:2      | Found a faded altar of an unknown god.
  1102 | D:2      | Found a hazy altar of Hepliaklqana.
  1104 | D:2      | Found a faded altar of an unknown god.
  1105 | D:2      | Found a faded altar of an unknown god.
  1205 | D:2      | Found a glowing golden altar of the Shining One.
  1326 | D:2      | Reached XP level 4. HP: 36/40 MP: 3/3
  1688 | D:2      | Found a shattered altar of Ashenzari.
  1905 | D:2      | HP: 2/41 [poisoned by a gnoll]
  2206 | D:3      | Reached XP level 5. HP: 44/47 MP: 4/4
  2460 | D:3      | Noticed a centaur
  2468 | D:3      | Killed a centaur
  2468 | D:3      | Reached skill level 5 in Fighting
  2468 | D:3      | Reached skill level 5 in Axes
  2528 | D:3      | Reached *** piety under Trog
  2622 | D:3      | Found a shadowy altar of Dithmenos.
  3044 | D:3      | Noticed Ijyb
  3045 | D:3      | Reached XP level 6. HP: 56/56 MP: 5/5
  3061 | D:3      | Killed Ijyb
  3216 | D:3      | Found a runed door.
  3221 | D:3      | Noticed Crazy Yiuf
  3224 | D:3      | Killed Crazy Yiuf
  3297 | D:4      | Found a staircase to the Ecumenical Temple.
  3316 | D:4      | Reached skill level 1 in Bows
  3476 | D:4      | Reached **** piety under Trog
  3594 | D:4      | Reached XP level 7. HP: 53/62 MP: 6/6
  3880 | D:4      | Reached skill level 6 in Axes
  4158 | D:4      | Found a deep blue altar of Sif Muna.
  4423 | D:4      | Noticed XO4YCPATb's ghost (novice DsGl)
  4439 | D:4      | Killed XO4YCPATb's ghost
  4439 | D:4      | Reached skill level 5 in Armour
  4439 | D:4      | Reached skill level 5 in Dodging
  4439 | D:4      | Reached XP level 8. HP: 71/71 MP: 7/7
  4513 | D:4      | Reached skill level 7 in Axes
  4606 | D:5      | Entered Level 5 of the Dungeon
  4870 | D:5      | Noticed Edmund
  4879 | D:5      | Killed Edmund
  5068 | D:5      | Reached skill level 5 in Bows
  5370 | D:5      | Reached skill level 8 in Axes
  5543 | D:5      | Noticed Sigmund
  5555 | D:5      | Killed Sigmund
  5555 | D:5      | Reached XP level 9. HP: 79/79 MP: 8/8
  5893 | D:6      | Identified a +1 pair of boots of running (You found it on level 6 of the Dungeon)
  6004 | D:6      | Paralysed by a centaur for 7 turns
  6027 | D:6      | Reached ***** piety under Trog
  6744 | D:7      | Reached skill level 9 in Axes
  6749 | D:7      | Received a gift from Trog
  7221 | D:7      | Found a deep blue altar of Sif Muna.
  7640 | D:8      | Received a gift from Trog
  7660 | D:8      | Reached XP level 10. HP: 88/88 MP: 9/9
  7767 | D:8      | Noticed Erica
  7776 | D:8      | Killed Erica
  7776 | D:8      | Reached skill level 10 in Axes
  9102 | D:9      | Reached skill level 11 in Axes
  9501 | D:10     | Entered Level 10 of the Dungeon
  9531 | D:10     | Noticed an elephant
  9547 | D:10     | Killed an elephant
  9547 | D:10     | Reached XP level 11. HP: 68/97 MP: 10/10
  9594 | D:10     | Found a staircase to the Lair.
  9705 | D:10     | Found Piotsati's Gadget Shop.
  9728 | D:10     | Found a staircase to the Orcish Mines.
  9752 | D:10     | Received a gift from Trog
 10343 | D:10     | Noticed a catoblepas
 10366 | D:10     | Killed a catoblepas
 10378 | D:10     | Received a gift from Trog
 10771 | Lair:1   | Entered Level 1 of the Lair of Beasts
 10918 | Lair:1   | Noticed a six-headed hydra
 10927 | Lair:1   | Killed a six-headed hydra
 10927 | Lair:1   | Reached skill level 10 in Bows
 11144 | Lair:1   | Reached skill level 12 in Axes
 11532 | Lair:1   | Noticed a six-headed hydra
 11549 | Lair:1   | Killed a nine-headed hydra
 12448 | Lair:2   | Noticed a six-headed hydra
 12463 | Lair:2   | Killed a six-headed hydra
 12463 | Lair:2   | Reached skill level 10 in Fighting
 12479 | Lair:2   | Received a gift from Trog
 12479 | Lair:2   | Reached XP level 12. HP: 73/106 MP: 11/11
 12848 | Lair:2   | Found a hole to the Spider Nest.
 12864 | Lair:2   | Reached skill level 10 in Armour
 13614 | Lair:3   | Noticed a seven-headed hydra
 13624 | Lair:3   | Reached skill level 13 in Axes
 13629 | Lair:3   | Killed a ten-headed hydra
 13848 | Lair:3   | Noticed Nergalle
 13860 | Lair:3   | Killed Nergalle
 14009 | Lair:3   | Noticed a six-headed hydra
 14021 | Lair:3   | Killed a ten-headed hydra
 14473 | Lair:3   | Reached ****** piety under Trog
 14939 | Lair:4   | Received a gift from Trog
 15284 | Lair:4   | Found a staircase to the Swamp.
 15347 | Lair:4   | Reached XP level 13. HP: 99/116 MP: 12/12
 15433 | Lair:4   | Received a gift from Trog
 15444 | Lair:4   | Reached skill level 14 in Axes
 15607 | Lair:4   | Received a gift from Trog
 15996 | Lair:4   | Reached skill level 10 in Dodging
 16093 | Lair:4   | HP: 1/117 [meliai/divine providence (11)]
 16093 | Lair:4   | Killed from afar by a meliai

Skill      XL: |  1  2  3  4  5  6  7  8  9 10 11 12 13 |
---------------+----------------------------------------+-----
Fighting       | 4 5 6 7 8 9 10 11 | 11.7
Axes           | 4 5 6 8 9 11 12 13 14 | 14.4
Armour         | 3 4 5 6 7 8 9 10 11 | 11.3
Dodging        | 3 4 5 6 7 8 9 10 | 10.0
Bows           | 2 3 5 7 9 10 12 | 12.8

Action                   |  1- 3 |  4- 6 |  7- 9 | 10-12 | 13-15 || total
-------------------------+-------+-------+-------+-------+-------++-------
Melee: Hand axe          |    91 |   115 |   294 |     5 |       ||   505
       Headbutt          |    13 |    18 |    60 |    88 |    20 ||   199
       Broad axe         |       |       |       |   326 |    88 ||   414
 Fire: Shortbow          |       |    67 |   236 |   399 |    71 ||   773
Invok: Berserk           |     1 |     3 |     5 |     4 |     2 ||    15
       Burn Spellbooks   |       |       |     2 |     4 |       ||     6
  Use: Scroll            |       |       |       |    12 |       ||    12
       Potion            |       |       |       |       |     2 ||     2
 Stab: Sleeping          |     1 |       |       |       |       ||     1
  Eat: Chunk             |     2 |    10 |    17 |    27 |     3 ||    59
       Fruit             |       |       |       |     1 |       ||     1
       Beef jerky        |       |       |       |     1 |       ||     1
Armor: Animal skin       |     4 |       |       |       |       ||     4
       Leather armour    |     8 |       |       |       |       ||     8
       Chain mail        |     4 |    78 |   168 |   172 |    46 ||   468
Dodge: Dodged            |    62 |    73 |   161 |   341 |   120 ||   757
Block: Other             |       |       |       |    37 |    19 ||    56
